 Dungeon Crawl Stone Soup version 0.16.1-51-g6203257 (webtiles) character file.

2185 Miyamura the Covered (level 9, -24/81 HPs)
             Began as a Deep Dwarf Fighter on Aug 3, 2015.
             Was a Believer of Makhleb.
             Hit by a large rock thrown by something (38 damage)
             ... on level 8 of the Dungeon.
             The game lasted 00:23:30 (4573 turns).

Miyamura the Covered (Deep Dwarf Fighter)           Turns: 4573, Time: 00:23:30

Health: -24/81     AC: 11    Str: 24    XL:     9   Next: 11%
Magic:  14/14      EV: 10    Int:  8    God:    Makhleb [**....]
Gold:   431        SH: 11    Dex: 12    Spells: 0 memorised, 8 levels left

rFire  . . .     SeeInvis .     a - +1 war axe
rCold  . . .     Clarity  .     b - +0 scale mail
rNeg   . . .     SustAb   .     c - +0 shield
rPois  .         Gourm    .     k - +0 helmet
rElec  .         Spirit   .     (no cloak)
rCorr  +         Warding  .     (no gloves)
rMut   .         Stasis   .     j - +1 pair of boots
MR     +....                    l - amulet of resist corrosion
Stlth  +.........               (no ring)
                                (no ring)

@: about to teleport, non-regenerating, somewhat resistant to hostile
enchantments, very unstealthy
A: damage resistance, recharge devices, sense surroundings 2, slow healing 3
a: Device Recharging, Minor Destruction, Renounce Religion


You were on level 8 of the Dungeon.
You worshipped Makhleb.
Makhleb was pleased with you.
You were not hungry.

You visited 2 branches of the dungeon, and saw 9 of its levels.

You collected 431 gold pieces.

Inventory:

Hand weapons
 a - a +1 war axe (weapon)
Armour
 b - a +0 scale mail (worn)
 c - a +0 shield (worn)
 j - a +1 pair of boots (worn)
 k - a +0 helmet (worn)
Jewellery
 l - an amulet of resist corrosion (around neck)
 m - an uncursed amulet of resist mutation
Magical devices
 d - a wand of heal wounds (3)
 w - a wand of digging (15)
 G - a wand of polymorph (0)
 K - a wand of random effects (9)
 L - a wand of flame (19)
Scrolls
 n - 2 scrolls of enchant weapon
 q - 3 scrolls of fog
 t - 5 scrolls of remove curse
 y - 2 scrolls of teleportation
 z - a scroll of fear
 E - a scroll of recharging
 F - a scroll of enchant armour
Potions
 e - 2 potions of might
 h - 2 potions of flight
 o - 4 potions of brilliance
 r - a potion of haste {unknown}
 s - 2 potions of magic
 u - a potion of mutation
 x - 2 potions of curing
 A - a potion of heal wounds {unknown}
 B - 2 potions of agility
 H - a potion of resistance {unknown}
 I - a potion of invisibility {unknown}
Books
 i - a book of Dreams

   Spells                             Type                      Level
   a - Ensorcelled Hibernation        Hexes/Ice                    2
   b - Flight                         Charms/Air                   3
   c - Phase Shift                    Translocation                5
   d - Shadow Creatures               Summoning                    5
   e - Mass Confusion                 Hexes                        6
   f - Darkness                       Hexes                        7
Comestibles
 f - 4 bread rations
 g - 3 meat rations
 p - 4 slices of pizza
 v - 13 fruits
 C - 3 beef jerkies


   Skills:
 + Level 5.1 Fighting
 + Level 5.9 Axes
 + Level 6.2 Armour
 + Level 5.0 Dodging
 - Level 5.0 Stealth
 + Level 6.2 Shields
 + Level 3.0 Invocations
 + Level 2.7 Evocations


You had 8 spell levels left.
You didn't know any spells.

Dungeon Overview and Level Annotations

Branches:
Dungeon (8/15)             Temple (1/1) D:4
   Lair: D:8-11

Altars:
Ashenzari
Cheibriados
Dithmenos
Elyvilon
Fedhas
Gozag
Kikubaaqudgha
Makhleb
Nemelex Xobeh
Okawaru
Qazlal
Ru
Sif Muna
Trog
Vehumet
Xom
Yredelemnul
Zin
The Shining One

Shops:
D:5 *   D:7 [

Annotations:
D:5 exclusion: statue


Innate Abilities, Weirdness & Mutations

You are resistant to damage.
You can recharge devices by infusing magical energy.
You passively map the area around you.
You do not heal naturally.


Message History

Aim: a cyclops (lightly wounded)
The cyclops seems to speed up.
Evoking this partially-identified wand wasted a few charges.
The cyclops hits you but does no damage.
Evoke which item? (* to show all) (? for menu, Esc to quit)
Zapping:
K - a wand of random effects {zapped: 5} (will waste charges)
Press: ? - help, Shift-Dir - straight line, f/p - cyclops
Aim: a cyclops (lightly wounded, fast)
The cyclops flickers and vanishes!
Deactivating autopickup; reactivate with Ctrl-A.
Evoking this partially-identified wand wasted a few charges.
Something completely misses you.
Read which item? (? for menu, Esc to quit)
As you read the scroll of teleportation, it crumbles to dust.
You feel strangely unstable. Something hits you. The large rock hits you!!
* * * LOW HITPOINT WARNING * * *
You see here a large rock.
The large rock hits you!!!
You die...

* # * ### * #### **, ..###### *,
##...# .......##### * .....## *
.....#.....########{...(..# , ,
.###.#####......@(........#,* *##
...#....###########........ ###.
...####.# ##......###...
........### #####............
..........## #.........#......
..####.#...######.......#........
..# #..........#.......#.....#..
### #####.....<........#.#......
# #####............#......


There were no monsters in sight!

Vanquished Creatures
  Eustachio (D:5)
  A naga (D:7)
  An ice beast (D:5)
  Purgy (D:4)
  A phantom (D:5)
  2 orc warriors
  2 ogres
  A centaur (D:5)
  A necrophage (D:6)
  Sigmund (D:5)
  Duvessa (D:5)
  2 giant frogs
  A water moccasin zombie (D:7)
  2 scorpions (D:5)
  2 hounds
  Dowan (D:5)
  2 crimson imps
  A quasit (D:5)
  2 centaur skeletons (D:8)
  A giant frog zombie (D:5)
  An orc priest (D:4)
  A jelly (D:8)
  4 worker ants
  3 orc wizards (D:7)
  Jessica (D:3)
  A hound skeleton (D:3)
  A worker ant zombie (D:8)
  2 river rats (D:5)
  5 adders
  A giant mite (D:7)
  A shadow imp (D:7)
  2 ufetubi (D:5)
  2 worms
  3 giant geckos
  2 oozes
  15 orcs
  18 bats
  4 giant cockroaches
  10 hobgoblins
  17 jackals
  10 kobolds
  2 quokkas
  2 ball pythons
  10 giant newts
  8 goblins
  A jackal zombie (D:7)
  3 quokka skeletons
  9 rats
166 creatures vanquished.

Notes
Turn   | Place    | Note
--------------------------------------------------------------
     0 | D:1      | Miyamura, the Deep Dwarf Fighter, began the quest for the Orb.
     0 | D:1      | Reached XP level 1. HP: 20/20 MP: 1/1
   102 | D:1      | Reached XP level 2. HP: 24/27 MP: 2/2
   133 | D:1      | Reached skill level 1 in Stealth
   686 | D:2      | Reached XP level 3. HP: 24/33 MP: 3/3
   817 | D:2      | Reached XP level 4. HP: 9/42 MP: 4/4
  1367 | D:3      | Reached skill level 4 in Shields
  1388 | D:3      | Noticed Jessica
  1400 | D:3      | Killed Jessica
  1400 | D:3      | Reached skill level 1 in Dodging
  1514 | D:3      | Reached XP level 5. HP: 40/49 MP: 5/5
  1735 | D:4      | Found a shadowy altar of Dithmenos.
  1745 | D:4      | Found a sacrificial altar of Ru.
  1751 | D:4      | Found a stormy altar of Qazlal.
  1751 | D:4      | Found a glowing silver altar of Zin.
  1753 | D:4      | Found a deep blue altar of Sif Muna.
  1756 | D:4      | Noticed Purgy
  1881 | D:4      | Noticed an ogre
  1888 | D:4      | Killed an ogre
  1888 | D:4      | Reached XP level 6. HP: 30/56 MP: 6/6
  1935 | D:4      | Killed Purgy
  1976 | D:4      | Found a staircase to the Ecumenical Temple.
  1986 | Temple   | Entered the Ecumenical Temple
  2053 | Temple   | Became a worshipper of Makhleb the Destroyer
  2275 | D:5      | Entered Level 5 of the Dungeon
  2313 | D:5      | Noticed Eustachio
  2330 | D:5      | HP: 2/57 [ogre/giant spiked club (24)]
  2336 | D:5      | Reached XP level 7. HP: 18/63 MP: 7/7
  2374 | D:5      | Killed Eustachio
  2374 | D:5      | Reached skill level 5 in Armour
  2374 | D:5      | Reached skill level 5 in Shields
  2442 | D:5      | Noticed Duvessa
  2442 | D:5      | Noticed Dowan
  2461 | D:5      | Found Xonock's General Store.
  2462 | D:5      | Killed Duvessa
  2472 | D:5      | Killed Dowan
  2698 | D:5      | Noticed Sigmund
  2721 | D:5      | Killed Sigmund
  2721 | D:5      | Reached XP level 8. HP: 51/73 MP: 8/8
  2728 | D:5      | HP: 2/73 [ice beast (12)]
  2768 | D:5      | Found a radiant altar of Vehumet.
  3115 | D:5      | Acquired Makhleb's first power
  3132 | D:5      | Reached skill level 5 in Stealth
  3187 | D:6      | Reached skill level 5 in Axes
  3290 | D:6      | Reached skill level 1 in Invocations
  3568 | D:7      | Reached skill level 1 in Evocations
  3761 | D:7      | Found Trur's Armour Emporium.
  4058 | D:7      | Reached skill level 6 in Armour
  4065 | D:7      | Found a deep blue altar of Sif Muna.
  4076 | D:7      | Acquired Makhleb's second power
  4297 | D:7      | Noticed Prince Ribbit
  4305 | D:7      | Noticed Prince Ribbit
  4305 | D:7      | Prince Ribbit changed into Prince Ribbit the naga
  4310 | D:7      | Killed Prince Ribbit the naga
  4310 | D:7      | Reached skill level 5 in Fighting
  4342 | D:8      | Gained mutation: You passively map the area around you. [level up]
  4342 | D:8      | Reached XP level 9. HP: 53/81 MP: 12/12
  4368 | D:8      | Reached skill level 5 in Dodging
  4562 | D:8      | Noticed a cyclops
  4573 | D:8      | Hit by a large rock thrown by something

Action                   |  1- 3 |  4- 6 |  7- 9 || total
-------------------------+-------+-------+-------++-------
Melee: War axe           |   112 |   164 |   327 ||   603
Evoke: Wand              |       |     4 |    19 ||    23
  Use: Scroll            |     2 |     9 |    12 ||    23
       Potion            |       |     1 |     2 ||     3
  Eat: Chunk             |       |     5 |     8 ||    13
